 Dungeon Sprint DCSS version 0.21.1-1-g345015f (webtiles) character file.

1806 Fang the Cleaver (level 9, -8/99 HPs)
             Began as a Gargoyle Berserker on July 11, 2018.
             Was the Champion of Trog.
             Mangled by a merfolk
             ... wielding a +0 trident
              (18 damage)
             ... in the Dungeon (Sprint VII: "The Pits").
             The game lasted 00:04:22 (1266 turns).

Fang the Cleaver (Gargoyle Berserker)               Turns: 1266, Time: 00:04:23

Health: -8/99      AC:  8    Str: 30    XL:     9   Next: 9%
Magic:  9/9        EV: 14    Int:  7    God:    Trog [******]
Gold:   0          SH:  0    Dex:  9    Spells: 8/8 levels left

rFire    . . .     SeeInvis .   r - +1 broad axe (chop)
rCold    . . .     Gourm    .   (no shield)
rNeg     + . .     Faith    .   b - +0 animal skin
rPois    ∞         Spirit   .   (no helmet)
rElec    +         Reflect  .   (no cloak)
rCorr    .         Harm     .   (no gloves)
MR       .....     NoTele   +   (no boots)
Stlth    ..........             (no amulet)
HPRegen  0.26/turn              (no ring)
MPRegen  0.11/turn              (no ring)

@: berserking, very quick
A: negative energy resistance 1, electricity resistance, unbreathing,
petrification resistance, rot immunity, AC +6
a: Berserk, Trog's Hand, Brothers in Arms, Burn Spellbooks, Renounce Religion


You were in the Dungeon.
You worshipped Trog.
Trog was exalted by your worship.
You were hungry.

You visited 1 branch

Inventory:

Hand Weapons
 j - a +2 hand axe
 r - a +1 broad axe of chopping (weapon)
Armour
 b - a +0 animal skin (worn)
Jewellery
 a - a +3 ring of protection
 p - a +3 ring of strength
Scrolls
 i - a scroll of blinking
 l - 3 scrolls of remove curse
 m - a scroll of summoning
Potions
 d - 7 potions of curing
 e - 16 potions of heal wounds
 f - a potion of haste
 g - 4 potions of magic
 h - 3 potions of berserk rage
 k - 2 potions of invisibility
 o - a potion of resistance
 q - a potion of brilliance
Comestibles
 c - 9 rations
 n - a chunk of flesh


   Skills:
 + Level 12.3 Fighting
 + Level 12.7 Axes
 + Level 6.2 Armour
 + Level 6.2 Dodging
 + Level 0.4 Stealth


You had 8 spell levels left.
You didn't know any spells.

Dungeon Overview and Level Annotations

Branches:
Dungeon (1/1)

Altars:
Cheibriados
Dithmenos
Elyvilon
Fedhas
Gozag
Hepliaklqana
Makhleb
Nemelex Xobeh
Okawaru
Qazlal
Ru
Sif Muna
Trog
Vehumet
Wu Jian
Xom
Yredelemnul
Zin
The Shining One
Beogh
Jiyva
Lugonu


Innate Abilities, Weirdness & Mutations

You are resistant to torment.
Your stone body is resilient. (AC +6)
You are immune to poison.
You resist negative energy. (rN+)
You are resistant to electric shocks. (rElec)
You can survive without breathing.
You are immune to petrification.
You are immune to rotting.


Message History

The eye of devastation gazes at you. The bolt of energy hits you!
There is an open door here.
A red film seems to cover your vision as you go berserk!
You feel yourself moving faster!
You feel mighty!
You are feeling hungry.
The hound bites you but does no damage.
The merfolk hits you but does no damage.
The hound misses you. The eye of devastation gazes at you.
The bolt of energy hits you!
* * * LOW HITPOINT WARNING * * *
You slash the hound!
You kill the hound!
Trog accepts your kill. Something appears at your feet!
Trog grants you a weapon!
You hit the death knight.
The merfolk hits you from afar with a trident!!
You die...

####''###### ..##''#
..##..# ..##..#
..##..#### #+# ####
..##..#..#####.##...#
..##..#....##...#.m.#
..##..'.....#...#p..#
####..'.....'...@.).+
####..'.....#...#...#
[[##..#....##...#...#
[[##..#..#####.##..G#
).##..#### #+# ####
))##..# ))##..#
#######


You could see a death knight, an eye of devastation and a merfolk.

Vanquished Creatures
  A manticore (D)
  An orange demon (D)
  A freezing wraith (D)
  A hungry ghost (D)
  A floating eye (D)
  A porcupine (D)
  An ice beast (D)
  A wolf (D)
  A bullfrog (D)
  3 wights (D)
  A crimson imp (D)
  A hound (D)
  2 iguanas (D)
  A worker ant (D)
  A mummy (D)
  A gnoll (D)
  A river rat (D)
  An adder (D)
  2 oozes (D)
  An ufetubus (D)
  A leopard gecko (D)
  A giant cockroach (D)
  A goblin (D)
  A hobgoblin (D)
  A kobold (D)
29 creatures vanquished.

Notes
Turn   | Place    | Note
-------+----------+-------------------------------------------
     0 | D        | Fang the Gargoyle Berserker began the quest for the Orb.
     0 | D        | Reached XP level 1. HP: 14/14 MP: 1/1
    94 | D        | Found a bloodstained altar of Trog.
    94 | D        | Found a deep blue altar of Sif Muna.
    94 | D        | Found a viscous altar of Jiyva.
    94 | D        | Found a hazy altar of Hepliaklqana.
    94 | D        | Found an opulent altar of Gozag.
    95 | D        | Found a glowing golden altar of the Shining One.
    95 | D        | Found a glowing silver altar of Zin.
    95 | D        | Found a basalt altar of Yredelemnul.
    95 | D        | Found a shimmering altar of Xom.
    95 | D        | Found an ornate altar of the Wu Jian Council.
    95 | D        | Found a sacrificial altar of Ru.
    95 | D        | Found a stormy altar of Qazlal.
    95 | D        | Found an iron altar of Okawaru.
    95 | D        | Found a sparkling altar of Nemelex Xobeh.
    95 | D        | Found a burning altar of Makhleb.
    95 | D        | Found a blossoming altar of Fedhas.
    95 | D        | Found a white marble altar of Elyvilon.
    95 | D        | Found a shadowy altar of Dithmenos.
    95 | D        | Found a snail-covered altar of Cheibriados.
    97 | D        | Found a radiant altar of Vehumet.
    97 | D        | Found a corrupted altar of Lugonu.
    97 | D        | Found a roughly hewn altar of Beogh.
   133 | D        | Noticed a floating eye
   137 | D        | Paralysed by a floating eye for 3 turns
   141 | D        | Killed a floating eye
   141 | D        | Reached skill level 5 in Axes
   141 | D        | Reached XP level 2. HP: 24/24 MP: 2/2
   141 | D        | Reached XP level 3. HP: 28/28 MP: 3/3
   141 | D        | Reached XP level 4. HP: 34/34 MP: 4/4
   143 | D        | Reached ** piety under Trog
   150 | D        | Reached XP level 5. HP: 26/38 MP: 5/5
   256 | D        | Reached *** piety under Trog
   353 | D        | Noticed a porcupine
   355 | D        | Reached **** piety under Trog
   363 | D        | Noticed an ice beast
   369 | D        | Killed an ice beast
   369 | D        | Reached XP level 6. HP: 12/46 MP: 6/6
   371 | D        | HP: 1/69 [porcupine's spines (8)]
   371 | D        | Killed a porcupine
   371 | D        | Reached skill level 5 in Armour
   373 | D        | Reached ***** piety under Trog
   659 | D        | Reached skill level 10 in Fighting
   659 | D        | Reached XP level 7. HP: 52/52 MP: 7/7
   729 | D        | Reached skill level 10 in Axes
   780 | D        | Noticed a freezing wraith
   780 | D        | Noticed an orange demon
   783 | D        | Received a gift from Trog
   789 | D        | Killed a freezing wraith
   789 | D        | Reached skill level 5 in Dodging
   789 | D        | Reached XP level 8. HP: 50/60 MP: 8/8
   798 | D        | Killed an orange demon
  1124 | D        | Noticed a manticore
  1133 | D        | Killed a manticore
  1133 | D        | Reached ****** piety under Trog
  1133 | D        | Reached XP level 9. HP: 60/66 MP: 9/9
  1263 | D        | Noticed a death knight
  1263 | D        | Noticed an eye of devastation
  1264 | D        | Noticed a merfolk
  1266 | D        | Received a gift from Trog
  1266 | D        | Mangled by a merfolk

Skill      XL: |  1  2  3  4  5  6  7  8 |
---------------+-------------------------+-----
Fighting       | 7 9 10 11 12 | 12.3
Axes           | 5 6 8 9 11 12 | 12.7
Armour         | 3 4 5 6 |  6.2
Dodging        | 2 3 4 5 6 |  6.2
Stealth        | |  0.4

Action                   |  1- 3 |  4- 6 |  7- 9 || total
-------------------------+-------+-------+-------++-------
Melee: Hand axe          |     8 |    27 |    27 ||    62
       Broad axe         |       |       |     8 ||     8
Invok: Berserk           |       |     2 |     4 ||     6
  Eat: Chunk             |       |       |     6 ||     6
Armor: Animal skin       |       |     9 |    17 ||    26
Dodge: Dodged            |     1 |    27 |    22 ||    50
